 Dungeon Crawl Stone Soup version 0.23-a0-49-gd9f7a49668 (webtiles) character file.

235 LLavrengius the Insei (level 6, -1/42 HPs)
             Began as an Octopode Transmuter on Aug 7, 2018.
             Slain by a hound (4 damage)
             ... on level 4 of the Dungeon.
             The game lasted 00:14:46 (3767 turns).

LLavrengius the Insei (Octopode Transmuter)         Turns: 3767, Time: 00:14:46

Health: -1/42      AC:  1    Str:  9    XL:     6   Next: 5%
Magic:  1/9        EV: 13    Int: 17    God:
Gold:   206        SH:  0    Dex: 13    Spells: 3/9 levels left

rFire    . . .     SeeInvis .     - Unarmed
rCold    . . .     Gourm    .   (no shield)
rNeg     . . .     Faith    .   (helmet restricted)
rPois    .         Spirit   .   (no amulet)
rElec    .         Reflect  .   (no ring)
rCorr    .         Harm     .   (no ring)
MR       .....                  (no ring)
Stlth    ++........             (no ring)
HPRegen  0.14/turn              (no ring)
MPRegen  0.11/turn              (no ring)
                                (no ring)
                                (no ring)

@: lethally poisoned (-1 -> -3), appendage (expiring)
A: almost no armour, stealthy swim, amphibious, 8 rings, constrict 8, tentacle
spike 3, camouflage 1, gelatinous body 1
a: End Transformation


You were on level 4 of the Dungeon.
You were not hungry.
One of your tentacles had a temporary spike.
You visited 2 branches of the dungeon, and saw 5 of its levels.

You collected 206 gold pieces.

Inventory:

Hand Weapons
 m - a +0 hunting sling
 n - a +0 rapier of draining
 s - a +0 blowgun
Missiles
 a - 44 arrows
 b - 90 stones (quivered)
 e - 8 javelins
 l - 7 needles of sleeping
 t - 8 poisoned needles
 v - 34 sling bullets
Wands
 w - a wand of flame (30)
Scrolls
 d - a scroll of fog {unknown}
 f - a scroll of immolation {unknown}
 h - 3 scrolls of identify
 j - 3 scrolls of remove curse {unknown}
 k - a scroll of magic mapping {unknown}
 o - a scroll of enchant weapon {unknown}
 p - a scroll of random uselessness {unknown}
 y - a scroll of fear {unknown}
Potions
 g - 3 potions of haste {unknown}
 i - 5 potions of curing
 q - a potion of resistance {unknown}
 r - a potion of flight {unknown}
 u - a potion of invisibility {unknown}
Comestibles
 c - 8 rations
 x - 3 chunks of flesh


   Skills:
 + Level 3.2 Fighting
 - Level 2.0 Dodging
 + Level 4.3 Unarmed Combat
 - Level 2.0 Spellcasting
 + Level 3.7 Transmutations
 + Level 1.6 Poison Magic


You had 3 spell levels left.
You knew the following spells:

 Your Spells              Type           Power        Failure   Level  Hunger
a - Beastly Appendage     Tmut           ##....       4%          1    #......
b - Sticks to Snakes      Tmut           ##......     6%          2    ###....
c - Spider Form           Tmut/Pois      ##........   19%         3    ###....

Your spell library contained the following spells:

 Spells                   Type           Power        Failure   Level  Hunger
 Blade Hands              Tmut           ##........   75%         5    ######.
 Ice Form                 Ice/Tmut       #.......     65%         4    #####..


Dungeon Overview and Level Annotations

Branches:
Dungeon (4/15)             Temple (1/1) D:4

Altars:
Elyvilon
Fedhas
Gozag
Hepliaklqana
Kikubaaqudgha
Makhleb
Nemelex Xobeh
Okawaru
Qazlal
Trog
Vehumet
Wu Jian
Xom
Yredelemnul
Zin
The Shining One


Innate Abilities, Weirdness & Mutations

You cannot wear most types of armour.
You are very stealthy in the water. (Stealth+)
You are amphibious.
You can wear up to eight rings at the same time.
You can use your tentacles to constrict eight enemies at once.
Your skin changes colour to match your surroundings (Stealth+).
Your rubbery body absorbs attacks. (AC +1, EV +1)
One of your tentacles bears a large vicious spike.


Message History

Your ball python bites the hound but does no damage.
You release your grip on the hound.
Your transformation is almost over.
Your water moccasin bites the bullfrog skeleton.
The hound barely misses you.
Your ball python barely misses the hound. x2
Your water moccasin bites the worker ant.
The bullfrog skeleton hits you.
* * * LOW HITPOINT WARNING * * *
As you read the scroll labeled NYODA HAEKISAEN, it crumbles to dust.
It is a scroll of identify.
i - 5 potions of curing You feel sick.
The hound bites you.
* * * LOW HITPOINT WARNING * * *
Your water moccasin closely misses the worker ant.
Your ball python bites the hound.
Your ball python grabs the hound.
Your ball python constricts the hound.
The bullfrog skeleton hits you.
* * * LOW HITPOINT WARNING * * *
The hound bites you.
You die...

############# ##########
...#........# ##.........
...#........# #..........
...#........### #S.........
..............####ao........
................SZ#.........
................@h#Za.).....
.#................#..o......
.#####..........S.#.........
####..^#.###......#.........
..................J.....S...
###....#.###......###....J..
###...##..........# $......
................... .......
................


You could see a hound, a jelly, a worker ant, an adder, an orc, a bullfrog
skeleton, a friendly water moccasin and a friendly ball python.

Vanquished Creatures
  Jessica (D:2)
  Terence (D:2)
  Robin (D:2)
  A howler monkey skeleton (D:4)
  9 adders
  2 worms
  A dart slug (D:1)
  2 leopard geckos
  5 orcs (D:4)
  2 bats
  A giant cockroach (D:2)
  7 hobgoblins
  9 jackals
  A quokka (D:4)
  A ball python (D:3)
  3 frilled lizards (D:1)
  11 goblins
  A jackal skeleton (D:4)
  12 kobolds
  11 rats
82 creatures vanquished.

Notes
Turn   | Place    | Note
-------+----------+-------------------------------------------
     0 | D:1      | LLavrengius the Octopode Transmuter began the quest for the Orb.
     0 | D:1      | Reached XP level 1. HP: 13/13 MP: 3/3
    93 | D:1      | Reached XP level 2. HP: 14/18 MP: 5/5
   100 | D:1      | Learned a level 2 spell: Sticks to Snakes
   685 | D:2      | Noticed Jessica
   717 | D:2      | Noticed Robin
   719 | D:2      | Reached XP level 3. HP: 17/24 MP: 4/6
   740 | D:2      | Killed Robin
   967 | D:2      | Noticed Terence
   974 | D:2      | Killed Terence
   974 | D:2      | Reached XP level 4. HP: 26/29 MP: 5/7
  1353 | D:2      | Killed Jessica
  1612 | D:2      | Reached skill level 4 in Unarmed Combat
  1612 | D:2      | Reached XP level 5. HP: 35/35 MP: 8/8
  1814 | D:2      | Learned a level 3 spell: Spider Form
  2802 | D:3      | Reached skill level 1 in Poison Magic
  3043 | D:3      | Found an ancient bone altar of Kikubaaqudgha.
  3223 | D:2      | Found an ornate altar of the Wu Jian Council.
  3463 | D:4      | Found a staircase to the Ecumenical Temple.
  3469 | Temple   | Entered the Ecumenical Temple
  3720 | D:4      | Reached XP level 6. HP: 42/42 MP: 9/9
  3767 | D:4      | Slain by a hound

Vault maps used:
D:1:      doesnt_arrival_eight_statues
D:2:      nicolae_overflow_hidden_temple, minmay_pentomino_q4, uniq_jessica,
          uniq_terence, uniq_robin
D:3:      kiku_gazebo_pond_becter, first_ration
D:4:      lemuel_coloured_pillars_altar, grunt_dithmenos_shadows,
          amethyst_overflow_temple_binary, minmay_temple_entry_fiery
Temple:   eino_temple_lava

Skill      XL: |  1  2  3  4  5 |
---------------+----------------+-----
Fighting       | 2 3 |  3.2
Transmutations | 3 |  3.7
Unarmed Combat | 4 |  4.3
Poison Magic   | 1 |  1.6
Dodging        | |  2.0
Spellcasting   | |  2.0

Action                   |  1- 3 |  4- 6 || total
-------------------------+-------+-------++-------
Melee: Unarmed           |    65 |   125 ||   190
       Constrict         |    17 |    39 ||    56
       Tentacles         |    15 |    13 ||    28
       Kick              |     5 |    21 ||    26
       Punch             |     1 |     4 ||     5
 Fire: Hunting sling     |       |     5 ||     5
 Cast: Beastly Appendage |     3 |    16 ||    19
       Sticks to Snakes  |     3 |    11 ||    14
  Use: Scroll            |       |     1 ||     1
 Stab: Sleeping          |     1 |     3 ||     4
  Eat: Chunk             |       |    10 ||    10
Armor: Skin              |     4 |     9 ||    13
Dodge: Dodged            |    32 |    74 ||   106

Table legend:
 A = Spawn XP
 B = Non-spawn XP
 C = Spawn XP percentage of total XP
 D = Spawn monster count
 E = Non-spawn monster count
 F = Spawn count percentage of total count
 G = Total turns spent on level
                    A         B        C        D         E        F      G
               +---------+---------+-------+---------+---------+-------+---------
         Total |       0 |     336 |   0.0 |       0 |      82 |   0.0 |  3767
               +---------+---------+-------+---------+---------+-------+---------
           D:1 |       0 |      26 |   0.0 |       0 |      17 |   0.0 |   826
           D:2 |       0 |     169 |   0.0 |       0 |      30 |   0.0 |  1677
           D:3 |       0 |      84 |   0.0 |       0 |      21 |   0.0 |   731
           D:4 |       0 |      57 |   0.0 |       0 |      14 |   0.0 |   464
               +---------+---------+-------+---------+---------+-------+---------
